 Dungeon Crawl Stone Soup version 0.28.0-43-g3370ac3207 (webtiles) character file.

Game seed: 12185950100697549193

103 eliilek the Shield-Bearer (level 4, -10/40 HPs)
             Began as a Hill Orc Fighter on Feb 26, 2022.
             Mangled by an ogre
             ... wielding a +0 giant club
              (13 damage)
             ... on level 3 of the Dungeon on Mar 4, 2022.
             The game lasted 00:05:58 (2704 turns).

eliilek the Shield-Bearer (Hill Orc Fighter)        Turns: 2704, Time: 00:05:59

Health: -10/40     AC:  9    Str: 20    XL:     4   Next: 79%
Magic:  4/4        EV:  9    Int:  8    God:
Gold:   64         SH:  4    Dex: 10    Spells: 3/3 levels left

rFire   . . .      SeeInvis .   a - +0 war axe
rCold   . . .      Faith    .   c - +0 buckler
rNeg    . . .      Spirit   .   b - +0 scale mail
rPois   .          Reflect  .   f - +2 hat
rElec   .          Harm     .   (no cloak)
rCorr   .          Rampage  .   (no gloves)
Will    .....                   (no boots)
Stlth   ..........              m - amulet of magic regeneration
HPRegen 0.13/turn               (no ring)
MPRegen 0.49/turn               (no ring)

@: mighty
A: no striking features
a: no special abilities


You were on level 3 of the Dungeon.
You visited 1 branch of the dungeon, and saw 3 of its levels.

You collected 88 gold pieces.
You spent 24 gold pieces at shops.

Inventory:

Hand Weapons
 a - a +0 war axe (weapon)
Armour
 b - a +0 scale mail (worn)
 c - a +0 buckler (worn)
 f - a +2 hat (worn)
Jewellery
 m - an amulet of magic regeneration (around neck)
Scrolls
 h - 2 scrolls of magic mapping
 k - a scroll of blinking {unknown}
 l - a scroll of silence {unknown}
 o - a scroll of holy word {unknown}
 q - a scroll of fear {unknown}
Potions
 e - a potion of haste {unknown}
 g - a potion of degeneration {unknown}
 j - a potion of curing {unknown}


   Skills:
 + Level 4.1 Fighting
 * Level 4.3 Axes
 + Level 3.9 Armour
 * Level 4.3 Shields


You had 3 spell levels left.
You didn't know any spells.
Your spell library contained the following spells:

 Spells                   Type           Power      Damage    Failure   Level
 Static Discharge         Conj/Air       0%         N/A       94%         2
 Lightning Bolt           Conj/Air       0%         1d11      100%        5
 Maxwell's Capacitive Co  Air            0%         ∞         100%        8


Dungeon Overview and Level Annotations

Branches:
Dungeon (3/15)

Altars:

Shops:
D:1 [   D:2 ?


Message History

Found 13 stones.
A frilled lizard comes into view.
The frilled lizard hisses angrily.
You closely miss the frilled lizard.
The frilled lizard bites you but does no damage.
You completely miss the frilled lizard. You block the frilled lizard's attack.
The frilled lizard bites you but does no damage.
You hit the frilled lizard.
You kill the frilled lizard!
No target in view!
A hobgoblin comes into view.
The hobgoblin hits you but does no damage.
You barely miss the hobgoblin.
The hobgoblin hits you but does no damage.
You hit the hobgoblin.
The hobgoblin is moderately wounded.
You block the hobgoblin's attack.
The hobgoblin hits you but does no damage.
You slash the hobgoblin!
You kill the hobgoblin!
No target in view!
No target in view!
You now have 64 gold pieces (gained 16).
An ogre comes into view. It is wielding a +0 giant club.
The ogre shouts!
As you read the scroll of identify, it crumbles to dust.
i - a scroll of noise You drop a scroll of noise.
You drop a ring of ice.
You feel very mighty all of a sudden.
The ogre hits you with a +0 giant club!!
Ouch! That really hurt!
You slash the ogre!
The ogre is heavily wounded.
The ogre hits you with a +0 giant club!!
* * * LOW HITPOINT WARNING * * *
You barely miss the ogre.
The ogre is heavily wounded.
The ogre hits you with a +0 giant club!
You die...

.##.#...####.#.#†..#
....#...[..#.#.#...#
....#..###.#.#...(.#
.......# #.#.###.#.#
..#.##.###.#.......#
#.#.##.....#####.###
#.#.######## #.#
#.#.# #.# #.#.# #@#
#.#.# #O# #.#.# #.#
#.# #.# #.# #.# #.#
################.#


You could see an ogre.

Vanquished Creatures
  An orc wizard (D:3)
  2 adders (D:2)
  2 worms (D:2)
  A dart slug (D:2)
  2 orcs (D:3)
  3 bats
  2 endoplasms
  2 giant cockroaches
  3 goblins
  6 hobgoblins
  4 jackals (D:2)
  3 ball pythons
  6 frilled lizards
  5 kobolds
  7 rats
49 creatures vanquished.

Vanquished Creatures (others)
  A plant (D:2)
1 creature vanquished.

Grand Total: 50 creatures vanquished

Notes
Turn   | Place    | Note
-------+----------+-------------------------------------------
     0 | D:1      | eliilek the Hill Orc Fighter began the quest for the Orb.
     0 | D:1      | Reached XP level 1. HP: 19/19 MP: 1/1
    39 | D:1      | Found Gataimp's Antique Armour Boutique.
   417 | D:1      | Upgraded the game from 0.28.0-1-gb440e238dd to
                  | 0.28.0-43-g3370ac3207
   567 | D:1      | Reached XP level 2. HP: 27/27 MP: 2/2
  1331 | D:2      | Reached XP level 3. HP: 33/33 MP: 3/3
  1542 | D:2      | Found Viavusm's Magic Scroll Shoppe.
  1629 | D:2      | Bought a scroll of identify for 24 gold pieces
  1857 | D:2      | Reached XP level 4. HP: 37/40 MP: 4/4
  2678 | D:3      | Noticed an ogre
  2693 | D:3      | HP: 1/40 [ogre/+0 giant club (19)]
  2704 | D:3      | Mangled by an ogre

Illustrated notes

Levels and vault maps discovered:
D:1:      eino_arrival_water_cross, layout_basic, serial_shops,
          nicolae_diamond_shop, minmay_pentomino_z2
D:2:      layout_loops_ring, serial_shops, nicolae_shop_trees,
          serial_bayou_pond_d
D:3:      layout_basic

Skill      XL: |  1  2  3  4 |
---------------+-------------+-----
Axes           | 3 4 |  4.3
Shields        | 4 |  4.3
Fighting       | 4 |  4.1
Armour         | |  3.9

Action                   |  1- 3 |  4- 6 || total
-------------------------+-------+-------++-------
Melee: War axe           |   107 |    50 ||   157
  Use: Scroll            |     1 |     1 ||     2
       Potion            |       |     1 ||     1
Armor: Scale mail        |    59 |    32 ||    91
Dodge: Dodged            |    37 |    16 ||    53
Block: Buckler           |    18 |     9 ||    27
